 Dungeon Crawl Stone Soup version 0.25-a0-424-g80bd347ae0 (webtiles) character file.

Game seed: 7638122673035889401, levelgen mode: deterministic

100 Kohma the Stinger (level 4, -4/38 HPs)
             Began as a Naga Venom Mage on Jan 23, 2020.
             Slain by a gnoll
             ... wielding a +0 club
              (7 damage)
             ... on level 3 of the Dungeon.
             The game lasted 00:04:41 (2654 turns).

Kohma the Stinger (Naga Venom Mage)                 Turns: 2654, Time: 00:04:42

Health: -4/38      AC:  2    Str: 10    XL:     4   Next: 73%
Magic:  1/8        EV: 10    Int: 16    God:
Gold:   100        SH:  0    Dex: 12    Spells: 5/8 levels left

rFire    . . .     SeeInvis +   b - +1 hand axe (pain)
rCold    . . .     Gourm    .   (no shield)
rNeg     . . .     Faith    .   a - +0 robe
rPois    +         Spirit   .   (no helmet)
rElec    .         Reflect  .   (no cloak)
rCorr    .         Harm     .   (no gloves)
MR       .....                  (no barding)
Stlth    ++........             (no amulet)
HPRegen  0.12/turn              (no ring)
MPRegen  0.11/turn              (no ring)

@: very slow
A: large, see invisible, deformed body, poison resistance, slowness 2, slow
metabolism 1, spit poison 1, AC +1
a: Spit Poison


You were on level 3 of the Dungeon.
You were hungry.

You visited 1 branch of the dungeon, and saw 3 of its levels.

You collected 100 gold pieces.

Inventory:

Hand Weapons
 b - a +1 hand axe of pain (weapon)
 n - a +0 hunting sling
Missiles
 e - 4 atropa-tipped darts (quivered)
Armour
 a - a +0 robe (worn)
Scrolls
 d - 2 scrolls of teleportation {unknown}
 g - a scroll of magic mapping {unknown}
 i - a scroll of fear {unknown}
 j - a scroll of identify {unknown}
Potions
 f - a potion of might {unknown}
 h - 2 potions of curing {unknown}
 k - a potion of flight {unknown}
 m - a potion of brilliance {unknown}
 o - a potion of degeneration {unknown}
Comestibles
 c - a ration
 l - a chunk of flesh


   Skills:
 + Level 1.5 Fighting
 - Level 1.5 Dodging
 - Level 3.0 Stealth
 * Level 2.9 Spellcasting
 - Level 1.0 Transmutations
 * Level 1.5 Air Magic
 * Level 5.1 Poison Magic


You had 5 spell levels left.
You knew the following spells:

 Your Spells              Type           Power        Failure   Level  Hunger
a - Sting                 Tmut/Pois      ##..         5%          1    #......
b - Poisonous Vapours     Pois/Air       ##....       8%          2    ##.....

Your spell library contained the following spells:

 Spells                   Type           Power        Failure   Level  Hunger
 Mephitic Cloud           Conj/Pois/Air  #.......     22%         3    ###....
 Olgreb's Toxic Radiance  Pois           ###.....     22%         4    #####..
 Ignite Poison            Fire/Tmut/Pois #.......     24%         3    ###....


Dungeon Overview and Level Annotations

Branches:
Dungeon (3/15)

Altars:
Dithmenos
Vehumet


Innate Abilities, Weirdness & Mutations

You cannot wear boots.
Your serpentine skin is tough. (AC +1)
You have supernaturally acute eyesight. (SInv)
Armour fits poorly on your strangely shaped body.
Your system is resistant to poisons. (rPois)
You cover ground very slowly.
You have a slow metabolism.
You can spit poison.


Message History

The sting hits the gnoll.
The gnoll is poisoned.
The gnoll is moderately wounded.
The gnoll barely misses you.
A bat comes into view.
The gnoll misses you. The gnoll hits you with a +0 spear.
Items here: ( )) † a +0 flail; a +0 spear; 19 stones; a gnoll corpse You barely miss the gnoll.
The gnoll is heavily wounded.
You barely miss the gnoll. You hit the gnoll.
The gnoll hits you with a +0 club. The gnoll barely misses you.
You hit the gnoll.
You kill the gnoll!
You barely miss the gnoll. The gnoll hits you with a +0 club.
* * * LOW HITPOINT WARNING * * *
You barely miss the gnoll. The gnoll hits you but does no damage.
You barely miss the gnoll. The gnoll hits you with a +0 club.
* * * LOW HITPOINT WARNING * * *
The gnoll hits you with a +0 club!
You die...

#.# #.# #
#.#.## .....
#.#.####.
#####........
#....)g......
#@# #.# #.#
##### #.# ###
#...# ##.# #.#
#.#.# #..# #.#
#.#.# #..#
#.###.#.# #..#
#.#...#.###..#


You could see a gnoll.

Vanquished Creatures
  3 gnolls (D:3)
  3 adders (D:2)
  2 worms (D:2)
  2 leopard geckos
  A ball python (D:2)
  4 giant cockroaches (D:2)
  2 goblins
  4 hobgoblins
  4 jackals (D:1)
  2 kobolds
  3 bats
  4 frilled lizards
  5 rats
39 creatures vanquished.

Notes
Turn   | Place    | Note
-------+----------+-------------------------------------------
     0 | D:1      | Kohma the Naga Venom Mage began the quest for the Orb.
     0 | D:1      | Reached XP level 1. HP: 15/15 MP: 3/3
   333 | D:1      | Reached XP level 2. HP: 10/24 MP: 0/5
   345 | D:1      | HP: 1/24 [hobgoblin/+0 club (6)]
   663 | D:1      | Learned a level 2 spell: Poisonous Vapours
  1437 | D:2      | Reached skill level 1 in Fighting
  1437 | D:2      | Reached XP level 3. HP: 31/31 MP: 6/6
  1474 | D:2      | Reached skill level 1 in Air Magic
  2002 | D:2      | Found a shadowy altar of Dithmenos.
  2008 | D:2      | Reached XP level 4. HP: 32/38 MP: 2/8
  2432 | D:2      | Found a radiant altar of Vehumet.
  2599 | D:3      | Reached skill level 5 in Poison Magic
  2654 | D:3      | Slain by a gnoll

Levels and vault maps discovered:
D:1:      dpeg_arrival_shrine, layout_loops_ring
D:2:      layout_loops_ring, vehumet_crystals, old_standard_altar
D:3:      layout_basic, elyvilon_altar_3, kennysheep_slug_shrine, minitemple,
          bh_walls_and_bars

Skill      XL: |  1  2  3  4 |
---------------+-------------+-----
Fighting       | 1 |  1.5
Air Magic      | 1 |  1.5
Poison Magic   | 5 |  5.1
Dodging        | |  1.5
Stealth        | |  3.0
Spellcasting   | |  2.9
Transmutations | |  1.0

Action                   |  1- 3 |  4- 6 || total
-------------------------+-------+-------++-------
Melee: Hand axe          |    40 |    15 ||    55
Throw: Dart              |     1 |       ||     1
 Cast: Sting             |    11 |     1 ||    12
       Poisonous Vapours |    21 |     7 ||    28
 Abil: Spit Poison       |     1 |       ||     1
 Stab: Sleeping          |       |     1 ||     1
  Eat: Chunk             |     4 |     1 ||     5
Armor: Robe              |    10 |     2 ||    12
Dodge: Dodged            |    30 |     7 ||    37

Table legend:
 A = Non-vault XP
 B = Vault XP
 C = Vault XP percentage of total XP
 D = Non-vault monster count
 E = Vault monster count
 F = Vault count percentage of total count
                 A         B        C        D         E       F
            +---------+---------+-------+---------+---------+-------
      Total |     143 |       0 |   0.0 |      39 |       0 |   0.0
            +---------+---------+-------+---------+---------+-------
        D:1 |      23 |       0 |   0.0 |      14 |       0 |   0.0
        D:2 |      77 |       0 |   0.0 |      21 |       0 |   0.0
        D:3 |      43 |       0 |   0.0 |       4 |       0 |   0.0
            +---------+---------+-------+---------+---------+-------
